AoeStats
← mryendl2410

Fortress

509060783Analyzed
4v4 RM · 7d ago on Sep 25, 2026· 42m 54s· 8 players
Game mode
Random Map
Map size
Huge
Population
200
Speed
Normal
Resources
Standard
Victory
Conquest
Starting age
Dark Age
Ending age
Imperial Age
RankedLock teamsTeams togetherTeam positionsShared explorationLock speedFull tech treeHidden civsTurbo modeCheats
Victory
Defeat
🇻🇳 Italians · Vietnam
1395
+16
🇮🇳 Chinese · India
1391
+16
🇨🇳 Khmer · China
1359
+17
🇻🇳 Lithuanians · Vietnam
1357
+17
🇹🇼 Wei · Taiwan
1458
-19
🇦🇷 Danes · Argentina
1409
-17
🇷🇴 Italians · Romania
1343
-15
🇦🇺 Franks · Australia
1341
-15
piecardinap
6:37 Feudal Age
11:59 Castle Age
9:59 Horse Collar
10:17 Double-Bit Axe
15:20 Wheelbarrow
16:29 Bow Saw
18:36 Loom
21:58 Bloodlines
27:06 Imperial Age
24:55 Scale Barding Armor
27:18 Chain Barding Armor
26:32 Light Cavalry
28:21 Conscription
28:39 Plate Barding Armor
30:01 Forging
30:25 Husbandry
30:43 Stone Mining
30:44 Gold Mining
32:57 Stone Shaft Mining
31:53 Elite Leitis
34:31 Iron Casting
35:28 Fletching
35:22 Winged Hussar
38:34 Hand Cart
苏东坡的粉丝
7:26 Feudal Age
11:23 Castle Age
9:37 Double-Bit Axe
9:42 Horse Collar
11:03 Gold Mining
12:41 Bow Saw
18:23 Loom
19:21 Wheelbarrow
19:06 Stone Mining
20:32 Hand Cart
25:02 Imperial Age
23:00 Scale Barding Armor
23:34 Gold Shaft Mining
23:17 Heavy Plow
24:17 Stone Shaft Mining
24:41 Chain Barding Armor
24:59 Forging
26:30 Conscription
25:35 Light Cavalry
26:27 Bloodlines
26:33 Husbandry
27:11 Plate Barding Armor
27:12 Iron Casting
26:34 Hussar
30:28 Double Crossbow
32:10 Caravan
32:51 Elite Battle Elephant
Vu_PY
1:01 Loom
7:36 Feudal Age
12:10 Castle Age
10:20 Double-Bit Axe
10:37 Horse Collar
13:25 Bow Saw
13:27 Heavy Plow
17:06 Wheelbarrow
21:13 Gold Mining
23:42 Gold Shaft Mining
22:58 Stone Mining
26:40 Imperial Age
24:24 Fletching
25:27 Stone Shaft Mining
24:53 Padded Archer Armor
25:36 Bodkin Arrow
26:14 Leather Archer Armor
26:58 Hand Cart
26:29 Town Watch
27:25 Fortified Wall
26:43 Elite Chu Ko Nu
27:27 Bracer
27:58 Ring Archer Armor
29:19 Chemistry
28:40 Ballistics
29:23 Conscription
29:13 Town Patrol
30:33 Caravan
31:33 Coinage
31:41 Scale Mail Armor
31:52 Forging
31:04 Pikeman
31:08 Elite Fire Lancer
31:35 Arson
31:51 Squires
32:40 Chain Mail Armor
33:17 Banking
33:52 Iron Casting
34:59 Plate Mail Armor
36:34 Blast Furnace
39:44 Pikeman
41:06 Halberdier
mryendl2410
8:48 Feudal Age
10:07 Double-Bit Axe
10:13 Loom
12:58 Castle Age
10:52 Horse Collar
18:02 Imperial Age
16:41 Fletching
25:32 Bodkin Arrow
27:26 Wheelbarrow
27:40 Wheelbarrow
28:21 Conscription
28:22 Bracer
29:13 Padded Archer Armor
34:24 Leather Archer Armor
37:47 Bow Saw
39:17 Ring Archer Armor
39:09 Ballistics
偷偷
8:10 Feudal Age
11:39 Castle Age
9:49 Double-Bit Axe
9:48 Horse Collar
12:36 Bow Saw
13:43 Wheelbarrow
14:49 Gold Mining
15:23 Hand Cart
15:26 Heavy Plow
21:39 Gold Shaft Mining
20:55 Stone Mining
22:19 Stone Shaft Mining
22:57 Husbandry
23:04 Scale Barding Armor
23:09 Forging
25:41 Imperial Age
23:58 Bloodlines
24:44 Chain Barding Armor
24:25 Loom
24:25 Town Watch
25:32 Fletching
26:19 Iron Casting
26:38 Tuntian
27:05 Ming Guang Armor
28:07 Conscription
27:52 Elite Tiger Cavalry
29:55 Chemistry
30:45 Coinage
30:47 Crop Rotation
31:19 Blast Furnace
29:53 Light Cavalry
30:33 Treadmill Crane
31:05 Masonry
31:06 Fortified Wall
36:11 Ballistics
35:42 Fletching
36:34 Caravan
37:20 Hussar
DGHIR | Miloss
7:33 Feudal Age
6:59 Loom
11:31 Castle Age
9:38 Town Watch
9:54 Double-Bit Axe
9:54 Horse Collar
15:35 Fletching
20:35 Wheelbarrow
24:43 Hand Cart
29:12 Bow Saw
32:41 Bodkin Arrow
32:28 Elite Skirmisher
33:14 Thumb Ring
35:29 Padded Archer Armor
36:32 Heavy Plow
39:20 Imperial Age
37:09 Gold Mining
37:10 Stone Mining
38:10 Caravan
39:25 Scale Mail Armor
39:36 Forging
39:41 Leather Archer Armor
39:12 Pikeman
39:52 Squires
40:23 Chain Mail Armor
40:11 Arson
39:55 Capped Ram
39:57 Halberdier
41:18 Iron Casting
40:44 Bracer
41:47 Chemistry
40:58 Masonry
41:11 Ballistics
40:45 Siege Ram
43:33 Plate Mail Armor
44:03 Blast Furnace
43:34 Ring Archer Armor
PAX
6:02 Feudal Age
6:44 Double-Bit Axe
6:40 Horse Collar
12:13 Castle Age
13:10 Bow Saw
13:03 Heavy Plow
21:00 Imperial Age
18:17 Loom
20:17 Wheelbarrow
22:42 Chemistry
23:08 Padded Archer Armor
28:37 Leather Archer Armor
30:25 Ring Archer Armor
30:01 Scale Barding Armor
31:11 Forging
32:10 Husbandry
32:20 Bloodlines
31:31 Light Cavalry
32:32 Chain Barding Armor
33:15 Pirotechnia
33:43 Iron Casting
32:41 Hussar
34:52 Plate Barding Armor
35:59 Blast Furnace
37:39 Hand Cart
Lalo Salamanca
7:04 Feudal Age
11:25 Castle Age
9:43 Double-Bit Axe
12:32 Bow Saw
17:06 Loom
18:23 Wheelbarrow
21:10 Hand Cart
20:40 Town Watch
21:56 Scale Barding Armor
25:42 Imperial Age
24:00 Chain Barding Armor
23:51 Forging
25:08 Gold Mining
25:14 Stone Mining
25:29 Husbandry
26:17 Iron Casting
25:47 Cavalier
26:32 Chivalry
26:53 Conscription
27:17 Gold Shaft Mining
27:03 Paladin
28:48 Plate Barding Armor
29:14 Blast Furnace
32:32 Fletching
38:41 Caravan
Connection lost

Rejoining the realm…

Still unreachable

The connection could not be restored.

Session expired

The server has moved on; the page needs a fresh start.